 Dungeon Crawl Stone Soup version 0.17-a0-777-g32247ce (console) character file.

91 sose the Ruffian (level 4, -3/35 (38) HPs)
             Began as a Ghoul Monk on Apr 26, 2015.
             Slain by an orc
             ... wielding a +0 flail
              (6 damage)
             ... on level 3 of the Dungeon.
             The game lasted 00:04:14 (1604 turns).

sose the Ruffian (Ghoul Monk)                       Turns: 1604, Time: 00:04:14

HP:   -3/35 (38)    AC:  2    Str: 14    XL:     4   Next: 59%
MP:   12/12         EV: 12    Int:  6    God:
Gold: 117           SH:  0    Dex: 11    Spells: 0 memorised, 3 levels left

rFire  . . .     SeeInvis .       - Unarmed
rCold  + . .     Clarity  .     a - +0 robe
rNeg   + + +     SustAb   .     (no shield)
rPois  ∞         Gourm    .     (no helmet)
rElec  .         Spirit   .     (no cloak)
rCorr  .         Warding  .     (no gloves)
rMut   .         Stasis   .     (no boots)
MR     .....                    (no amulet)
Stlth  ++........               (no ring)
                                o - ring of magical power

@: rotting, not resistant to hostile enchantments, unstealthy
A: rotting body, claws 1, carnivore 3, cold resistance 1, negative energy
resistance 3, slow healing 1, torment resistance, unbreathing
a: no special abilities


You were on level 3 of the Dungeon.
You were not hungry.

You visited 1 branch of the dungeon, and saw 3 of its levels.

You collected 117 gold pieces.

Inventory:

Armour
 a - a +0 robe (worn)
Jewellery
 o - a ring of magical power (left claw)
Scrolls
 c - 4 scrolls of enchant weapon {unknown}
 d - a scroll of magic mapping {unknown}
 g - 4 scrolls of identify {unknown}
 i - 2 scrolls of immolation {unknown}
 j - a scroll of noise {unknown}
 l - a scroll of random uselessness {unknown}
 m - a scroll of fear {unknown}
Potions
 e - a potion of might {unknown}
 f - a potion of lignification {unknown}
 h - 2 potions of heal wounds {unknown}
 n - a potion of curing {unknown}
 p - 2 potions of agility {unknown}
Comestibles
 b - 2 meat rations
 k - a beef jerky


   Skills:
 - Level 3.2 Fighting
 - Level 2.6 Dodging
 - Level 2.1 Stealth
 + Level 6.4 Unarmed Combat


You had 3 spell levels left.
You didn't know any spells.

Dungeon Overview and Level Annotations

Branches:
Dungeon (3/15)

Altars:
Yredelemnul


Innate Abilities, Weirdness & Mutations

Your body is rotting away.
You thrive on raw meat.
You are immune to poison.
You have sharp fingernails.
You are carnivorous and can eat meat at any time.
Your flesh is cold resistant.
You are immune to negative energy.
You heal slowly when monsters are visible.
You are immune to unholy pain and torment.
You can survive without breathing.


Message History

You claw the orc wizard!
You kill the orc wizard!
You closely miss the goblin. The goblin misses you.
You closely miss the goblin. The goblin hits you with a dagger.
* * * LOW HITPOINT WARNING * * *
You scratch the goblin.
You kill the goblin!
You closely miss the orc.
The orc hits you with a falchion of holy wrath.
* * * LOW HITPOINT WARNING * * *
You convulse.
* * * LOW HITPOINT WARNING * * *
You claw the orc!
You kill the orc!
Press: ? - help, v - describe, . - travel
Here: an orc, wielding a dagger and wearing a ring mail The floor.
Unknown command.
The orc hits you with a flail.
You die...

##.#####.#
#######........#
#..........#####
#.#####..#.# ##.
#..#.###
##...####o.#.#.##
#......>..#..(..##
....###o###.....###
#.###@## ##......#
#......###..)..#.##
#..####.#.....##..##
#..#####.#.#.###...##
#..........#........#
##.########.####...##
#.# ##.#.###..##
#.######.###.##..#
#..........##.#..#


You could see 2 orcs.

Vanquished Creatures
  An orc wizard (D:3)
  An adder (D:2)
  2 worms (D:2)
  3 orcs (D:3)
  2 giant cockroaches
  4 hobgoblins
  3 kobolds
  10 bats
  4 giant newts (D:2)
  8 goblins
  A quokka (D:2)
  10 rats
49 creatures vanquished.

Notes
Turn   | Place    | Note
--------------------------------------------------------------
     0 | D:1      | sose, the Ghoul Monk, began the quest for the Orb.
     0 | D:1      | Reached XP level 1. HP: 19/19 MP: 0/0
   177 | D:1      | Reached XP level 2. HP: 26/26 MP: 1/1
   189 | D:1      | Reached skill level 5 in Unarmed Combat
   726 | D:2      | Reached XP level 3. HP: 28/30 MP: 2/2
  1163 | D:2      | Found a basalt altar of Yredelemnul.
  1514 | D:3      | Reached skill level 6 in Unarmed Combat
  1514 | D:3      | Reached XP level 4. HP: 33/36 MP: 3/3
  1604 | D:3      | Slain by an orc

Action                   |  1- 3 |  4- 6 || total
-------------------------+-------+-------++-------
Melee: Unarmed           |   128 |    21 ||   149
 Stab: Sleeping          |     4 |       ||     4
  Eat: Chunk             |     3 |       ||     3
